 Dungeon Crawl Stone Soup version 0.30.1-9-gdf580d7c3d (webtiles) character file.

Game seed: 109573209944764432

1539 Chiseanne the Thaumaturge (level 8, -3/52 HPs)
             Began as a Demonspawn Hedge Wizard on Sept 29, 2023.
             Was an Initiate of Gozag.
             Slain by a wyvern (15 damage)
             ... on level 6 of the Dungeon.
             The game lasted 00:16:10 (7035 turns).

Chiseanne the Thaumaturge (Demonspawn Hedge Wizard) Turns: 7035, Time: 00:16:11

Health: -3/52      AC:  7    Str: 12    XL:     8   Next: 56%
Magic:  18/22      EV: 12    Int: 17    God:    Gozag
Gold:   279        SH:  0    Dex: 12    Spells: 18/27 levels left

rFire   . . .        a - +2 mace (drain)
rCold   . . .        (no shield)
rNeg    . . .        b - +0 robe
rPois   .            l - +1 helmet
rElec   .            (no cloak)
rCorr   .            i - +1 pair of gloves
SInv    .            j - +0 pair of boots
Will    .....        c - amulet of the acrobat
Stlth   ++           y - ring of wizardry
HPRegen 0.28/turn    (no ring)
MPRegen 0.18/turn

%: acrobat, wizardry (x1)
@: no status effects
A: demonic guardian 1, demonic magic 2
a: Renounce Religion, Potion Petition, Call Merchant, Bribe Branch


You were on level 6 of the Dungeon.
You worshipped Gozag.
Gozag was aware of your devotion.
You visited 1 branch of the dungeon, and saw 7 of its levels.

You collected 768 gold pieces.
You spent 420 gold pieces at shops.
You paid 69 gold pieces to Gozag.

Inventory:

Hand Weapons
 a - a +2 mace of draining (weapon)
 d - a +0 falchion of electrocution
 s - a +2 spear
 G - the +1 morningstar "Nerruigo" {freeze, rN+ Dex+4}
   (You found it on level 6 of the Dungeon)

   Dex:       It affects your dexterity (+4).
   rN:        It protects you from negative energy.
Missiles
 f - 4 javelins
 h - 37 stones
 n - 8 poisoned darts
 o - 6 datura-tipped darts
 C - a boomerang
Armour
 b - a +0 robe (worn)
 i - a +1 pair of gloves (worn)
 j - a +0 pair of boots (worn)
 l - a +1 helmet (worn)
 D - a +2 scale mail of positive energy
Magical Staves
 e - a staff of fire
 B - a staff of earth
Jewellery
 c - an amulet of the acrobat (around neck)
 y - a ring of wizardry (left hand)
Wands
 x - a wand of paralysis (9)
 F - a wand of iceblast (6)
Scrolls
 k - a scroll of fog
 u - 3 scrolls of identify
 z - a scroll of teleportation
 E - a scroll of enchant armour
Potions
 g - 2 potions of might
 m - a potion of invisibility
 p - a potion of resistance
 q - 3 potions of heal wounds
 r - a potion of haste
 t - 2 potions of lignification
 v - a potion of magic
 w - 2 potions of flight
 A - a potion of ambrosia


   Skills:
 - Level 1.8 Dodging
 - Level 1.8 Stealth
 * Level 10.3 Spellcasting
 - Level 1.0 Conjurations
 - Level 1.1 Summonings
 - Level 1.0 Translocations


You had 18 spell levels left.
You knew the following spells:

 Your Spells              Type           Power      Damage    Failure   Level
a - Magic Dart            Conj           48%        1d5       2%          1
b - Blink                 Tloc           24%        N/A       3%          2
c - Stone Arrow           Conj/Erth      20%        3d8       9%          3
d - Mephitic Cloud        Conj/Pois/Air  10%        N/A       9%          3

Your spell library contained the following spells:

 Spells                   Type           Power      Damage    Failure   Level
 Beastly Appendage        Tmut           16%        N/A       3%          1
 Slow                     Hex            32%        N/A       3%          1
 Call Imp                 Summ           24%        N/A       3%          2
 Lesser Beckoning         Tloc           24%        N/A       3%          2
 Cigotuvi's Dreadful Rot  Necr/Pois/Air  16%        N/A       4%          2
 Wereblood                Tmut           8%         N/A       4%          2
 Call Canine Familiar     Summ           12%        N/A       6%          3
 Gell's Gravitas          Tloc           12%        N/A       6%          3
 Teleport Other           Tloc           12%        N/A       6%          3
 Portal Projectile        Hex/Tloc       20%        N/A       9%          3
 Vhi's Electric Charge    Tloc/Air       20%        N/A       9%          3
 Spider Form              Tmut/Pois      8%         N/A       10%         3
 Animate Armour           Summ/Erth      20%        N/A       26%         4
 Leda's Liquefaction      Hex/Erth       4%         N/A       32%         4
 Arcjolt                  Conj/Air       5%         1d15      56%         5
 Lehudib's Crystal Spear  Conj/Erth      5%         10d3      100%        8
 Maxwell's Capacitive Co  Air            4%         ∞         100%        8


Dungeon Overview and Level Annotations

Branches:
Dungeon (7/15)             Temple (0/1) D:6

Altars:
Ashenzari
Dithmenos
Gozag
Uskayaw
Wu Jian

Shops:
D:5 =


Innate Abilities, Weirdness & Mutations

A weak demonic guardian rushes to your aid.
Spells you cast may paralyse nearby enemies.


Message History

Reactivating autopickup.
There is a stone staircase leading down here.
Casting: Magic Dart (safe; 2% risk of failure)
Confirm with . or Enter, or press ? or * to list all spells.
Aiming: Magic Dart (safe; 2% risk of failure)
Press: ? - help, Shift-Dir - straight line, f - wyvern
Aim: a wyvern (lightly wounded, 100% to hit)
The magic dart hits the wyvern.
The wyvern is lightly wounded.
Malevolent energies surge around you. The wyvern bites you!
Casting: Magic Dart (safe; 2% risk of failure)
Confirm with . or Enter, or press ? or * to list all spells.
Aiming: Magic Dart (safe; 2% risk of failure)
Press: ? - help, Shift-Dir - straight line, f/p - wyvern
Aim: a wyvern (lightly wounded, 100% to hit)
The magic dart hits the wyvern but does no damage.
The wyvern is lightly wounded.
Malevolent energies surge around you. The wyvern bites you! x2
* * * LOW HITPOINT WARNING * * *
A demonic guardian appears!
Casting: Magic Dart (safe; 2% risk of failure)
Confirm with . or Enter, or press ? or * to list all spells.
Aiming: Magic Dart (safe; 2% risk of failure)
Press: ? - help, Shift-Dir - straight line, f/p - wyvern
Aim: a wyvern (lightly wounded, ally target, 100% to hit)
The magic dart hits the wyvern but does no damage.
The wyvern is lightly wounded.
Malevolent energies surge around you. The wyvern completely misses you.
Casting: Magic Dart (safe; 2% risk of failure)
Confirm with . or Enter, or press ? or * to list all spells.
Aiming: Magic Dart (safe; 2% risk of failure)
Press: ? - help, Shift-Dir - straight line, f/p - wyvern
Aim: a wyvern (lightly wounded, ally target, 100% to hit)
The magic dart hits the wyvern but does no damage.
The wyvern is lightly wounded.
Malevolent energies surge around you. The wyvern misses you.
Your shadow imp barely misses the wyvern.
The wyvern bites you!
You die...
Your body crumbles into a pile of gold.

....................##...##..#...
........................##..##..#
.........<..............##..#...#
............#..........##..##.#..
........##.##....#.....##..#..###
#......###.............##..#.....
###########........##..##..#.####
#........5....##..##....#
#.#.....@l....##..#..##..
##.#..........##..##......
########..#..........#..##.......
...##....#.........#.#..##._.....
.................##..#..##......)
.............#.......##..##......
................#.....#..##.....#
................#.....##..#..##..
..........#.....#............##..


You could see a wyvern (ally target) and a friendly shadow imp (summoned).

Vanquished Creatures
  A troll (D:5)
  Menkaure (D:4)
  An ogre (D:5)
  3 centaurs
  A phantom (D:5)
  A bullfrog (D:6)
  A scorpion (D:5)
  4 hounds
  3 orc priests (D:6)
  2 sleepcaps (D:5)
  Jessica (D:3)
  2 iguanas
  3 orc wizards
  6 adders
  3 gnolls (D:5)
  A shadow imp (D:4)
  A white imp (D:5)
  An ufetubus (D:6)
  4 dart slugs
  12 orcs
  6 ball pythons
  3 bats
  6 endoplasms
  7 giant cockroaches
  2 goblins
  5 hobgoblins (D:2)
  6 quokkas
  3 frilled lizards
  4 kobolds
  8 rats
102 creatures vanquished.

Vanquished Creatures (collateral kills)
  A gnoll sergeant (D:5)
  A gnoll (D:5)
2 creatures vanquished.

Grand Total: 104 creatures vanquished

Notes
Turn   | Place    | Note
-------+----------+-------------------------------------------
     0 | D:1      | Chiseanne the Demonspawn Hedge Wizard began the quest for
                  | the Orb.
     0 | D:1      | Reached XP level 1. HP: 13/13 MP: 4/4
   105 | D:1      | Reached skill level 1 in Translocations
   205 | D:1      | Gained mutation: Spells you cast may paralyse adjacent
                  | enemies. [demonic ancestry]
   205 | D:1      | Reached XP level 2. HP: 19/19 MP: 4/6
   847 | D:2      | Gained mutation: Spells you cast may paralyse nearby
                  | enemies. [demonic ancestry]
   847 | D:2      | Reached XP level 3. HP: 24/24 MP: 1/8
   962 | D:2      | Reached skill level 4 in Spellcasting
  1645 | D:2      | Reached XP level 4. HP: 30/30 MP: 8/10
  2836 | D:3      | Found an opulent altar of Gozag.
  2866 | D:3      | Found a shadowy altar of Dithmenos.
  2867 | D:3      | Found a hide-covered altar of Uskayaw.
  2879 | D:3      | Became a worshipper of Gozag Ym Sagoz the Greedy
  3101 | D:3      | Noticed Jessica
  3107 | D:3      | Killed Jessica
  3108 | D:3      | Reached skill level 5 in Spellcasting
  3268 | D:3      | Learned a level 2 spell: Blink
  3272 | D:3      | Learned a level 3 spell: Mephitic Cloud
  3276 | D:3      | Learned a level 3 spell: Stone Arrow
  3321 | D:4      | Noticed Menkaure
  3835 | D:4      | Killed Menkaure
  3836 | D:4      | Reached skill level 6 in Spellcasting
  3836 | D:4      | Gained mutation: A weak demonic guardian rushes to your
                  | aid. [demonic ancestry]
  3836 | D:4      | Reached XP level 5. HP: 31/35 MP: 8/13
  4006 | D:5      | Entered Level 5 of the Dungeon
  4107 | D:5      | Reached XP level 6. HP: 41/41 MP: 5/15
  4633 | D:5      | Reached skill level 7 in Spellcasting
  4795 | D:5      | Reached XP level 7. HP: 41/46 MP: 16/18
  4911 | D:5      | Noticed a troll
  4938 | D:5      | Killed a troll
  4939 | D:5      | Reached skill level 8 in Spellcasting
  5029 | D:5      | Found Kyoqesk's Jewellery Shoppe.
  5324 | D:5      | Reached skill level 9 in Spellcasting
  5324 | D:5      | Reached XP level 8. HP: 42/52 MP: 21/21
  5930 | D:5      | Bought a ring of wizardry for 420 gold pieces
  6280 | D:6      | Found a broken altar of Ashenzari.
  6390 | D:6      | Found an ornate altar of the Wu Jian Council.
  6403 | D:6      | Reached skill level 10 in Spellcasting
  6439 | D:6      | Found a sand-covered staircase.
  6486 | D:6      | Found a staircase to the Ecumenical Temple.
  6740 | D:6      | Identified the +1 morningstar "Nerruigo" {freeze, rN+
                  | Dex+4}
  7035 | D:6      | Slain by a wyvern

Illustrated notes

Levels and vault maps discovered:
D:1:      beargit_arrival_greenhouse, layout_loops_ring, chequers_avenue,
          minmay_pentomino_w2
D:2:      layout_basic, basic_altar, chequers_arboretum
D:3:      layout_basic, minitemple, wander_ebering_terrifying_dragon_lair,
          uniq_jessica
D:4:      layout_rooms, uniq_menkaure
D:5:      layout_loops_corners, serial_shops, nicolae_inconvenience_store
D:6:      layout_rooms, mainiacjoe_overflow_catch_the_wave,
          lemuel_temple_firewalk_b, nicolae_ossuary_entry_ruins
D:7:      minmay_the_grid_square_5x5_3x3
          [minmay_the_grid_square_5x5_beaten_path,
          minmay_the_grid_square_5x5_longway,
          minmay_the_grid_square_5x5_shuriken, minmay_the_grid_square_5x5_n,
          minmay_the_grid_square_5x5_megaprize_crossed,
          minmay_the_grid_square_5x5_checkered, minmay_the_grid_square_5x5_v,
          minmay_the_grid_square_5x5_lines,
          minmay_the_grid_square_5x5_broken_cross], layout_cave_pods,
          serial_glass, glass_columns_b, glass_columns_c, glass_columns_b,
          glass_columns_b, glass_columns_b, glass_columns_a, roderic_batcave,
          kennysheep_generic_room_13

Skill      XL: |  1  2  3  4  5  6  7  8 |
---------------+-------------------------+-----
Translocations | 1 |  1.0
Spellcasting   | 4 6 7 9 10 | 10.3
Dodging        | |  1.8
Stealth        | |  1.8
Conjurations   | |  1.0
Summonings     | |  1.1

Action                     |  1- 3 |  4- 6 |  7- 9 || total
---------------------------+-------+-------+-------++-------
  Melee: Dagger            |    11 |       |       ||    11
         Spear             |    46 |    27 |       ||    73
         Mace              |       |    14 |    98 ||   112
         Punch             |       |       |     1 ||     1
   Cast: Magic Dart        |    58 |   135 |   118 ||   311
    Use: Scroll            |     4 |    15 |     2 ||    21
         Potion            |       |       |     1 ||     1
   Stab: Sleeping          |     2 |       |     2 ||     4
         Paralysed         |    10 |    29 |    52 ||    91
 Armour: Robe              |    19 |    14 |    63 ||    96
  Dodge: Dodged            |    43 |    40 |   105 ||   188
